 Dungeon Crawl Stone Soup version 0.31-a0-1068-g5939ac1fb6 (webtiles) character file.

Game seed: 8763870523028205548

49 Azuregosa the Sneak (level 3, 0/39 HPs)
             Began as an Octopode Delver on Nov 25, 2023.
             Was an Initiate of Ashenzari.
             Succumbed to a gnoll sergeant's poison
             ... on level 4 of the Dungeon.
             The game lasted 00:02:56 (483 turns).

Azuregosa the Sneak (Octopode Delver)                Turns: 483, Time: 00:02:56

Health: 0/39       AC:  1    Str: 11    XL:     3   Next: 77%
Magic:  3/3        EV: 11    Int: 12    God:    Ashenzari [......]
Gold:   24         SH: 10    Dex: 15    Spells: 2/2 levels left

rFire   . . .        a - +0 spear
rCold   . . .        d - +2 kite shield
rNeg    . . .        (helmet restricted)
rPois   .            (no amulet)
rElec   .            (no ring)
rCorr   .            (no ring)
SInv    .            (no ring)
Will    .....        (no ring) Stlth
                     (no ring)
HPRegen 0.26/turn    (no ring)
MPRegen 0.08/turn    (no ring)
                     (no ring)

%: no passive effects
@: berserking, lethally poisoned (0 -> -5), very quick
A: almost no armour, amphibious, 8 rings, camouflage 1, gelatinous body 1,
nimble swimmer 1, tentacles
a: Renounce Religion


You were on level 4 of the Dungeon.
You worshipped Ashenzari.
Ashenzari was noncommittal.
You visited 1 branch of the dungeon, and saw 2 of its levels.

You collected 24 gold pieces.

Inventory:

Hand Weapons
 a - a +0 spear (weapon)
Missiles
 g - 3 boomerangs
 k - 6 poisoned darts
Armour
 d - a +2 kite shield (worn)
Wands
 c - a wand of mindburst (9)
 f - a wand of digging (3)
 j - a wand of iceblast (11)
Scrolls
 b - 2 scrolls of fog
 i - a scroll of identify {unknown}
Potions
 e - a potion of haste


   Skills:
 - Level 3.0 Fighting
 - Level 2.0 Polearms
 - Level 2.0 Dodging
 - Level 7.2 Stealth
 + Level 2.5 Shields


You had 2 spell levels left.
You didn't know any spells.
Your spell library was empty.

Dungeon Overview and Level Annotations

Branches:
Dungeon (5/15)
 Temple: D:4-7

Altars:
Ashenzari
Uskayaw


Innate Abilities, Weirdness & Mutations

You cannot wear most types of armour.
You are amphibious.
You can wear up to eight rings at the same time.
Your skin changes colour to match your surroundings (Stealth+).
Your rubbery body absorbs attacks. (AC +1, EV +1)
You are camouflaged when in or above water. (Stealth+)
You have tentacles for arms and can constrict up to eight enemies at once.


Message History

You reach to attack!
The helpless gnoll fails to defend itself.
You hit the gnoll.
The gnoll is lightly wounded.
The gnoll sergeant shouts!
The gnoll shouts! x2
Reach: a) +0 spear
Press: ? - help, Dir - move target, f - gnoll sergeant, p - gnoll
Aim: a gnoll sergeant, wielding a +0 spear of venom and wearing a +0 ring mail (about 30% to evade your +0 spear)
You reach to attack!
You closely miss the gnoll sergeant. The gnoll completely misses you.
You enter the deep water.
Unknown command.
The gnoll sergeant hits you from afar with a +0 spear of venom.
You block the gnoll sergeant's attack.
Reach: a) +0 spear
Press: ? - help, Dir - move target, f/p - gnoll sergeant
Aim: a gnoll sergeant, wielding a +0 spear of venom and wearing a +0 ring mail (about 30% to evade your +0 spear)
You reach to attack!
You barely miss the gnoll sergeant. You block the gnoll sergeant's attack.
Reach: a) +0 spear
Press: ? - help, Dir - move target, f/p - gnoll sergeant
Aim: a gnoll sergeant, wielding a +0 spear of venom and wearing a +0 ring mail (about 30% to evade your +0 spear)
You reach to attack!
You hit the gnoll sergeant.
The gnoll sergeant is lightly wounded.
The gnoll sergeant hits you from afar with a +0 spear of venom!
You are lethally poisoned!
You feel very sick.
* * * LOW HITPOINT WARNING * * *
You feel very sick.
* * * LOW HITPOINT WARNING * * *
You feel very sick.
* * * LOW HITPOINT WARNING * * *
You feel sick.
* * * LOW HITPOINT WARNING * * *
You feel sick.
There is a lethal amount of poison in your body!
It was a potion of berserk rage.
A red film seems to cover your vision as you go berserk!
You feel yourself moving faster!
You feel mighty!
You die...

####.# #.####.....##[#.## .#
#....# #. #..#..##.#.###.#
#.##.# #.####g.#..(........#
#.#######.≈≈≈≈g≈≈≈≈#.#.##.##
#.#.....#.≈##≈g≈##≈#.#.##.#
#.#.§§≈.#.≈###'###≈#.#.##.#
#.'§§...#.≈≈#.g.# ≈. #.##.#
#.'.≈._.#.≈≈#...# ≈.##.##.##
#.'.≈...##≈@#.!.# #.......
###.≈≈≈.##≈###### #.†#####
#.....##≈# #..# ########≈≈
#..# ### #..# #..# #..# #..


There were no monsters in sight!

Vanquished Creatures
  An iguana (D:4)
  2 adders
  A dart slug (D:4)
  An endoplasm (D:4)
  A ball python (D:4)
6 creatures vanquished.

Notes
Turn   | Place    | Note
-------+----------+-------------------------------------------
     0 | D:5      | Azuregosa the Octopode Delver began the quest for the Orb.
     0 | D:5      | Reached XP level 1. HP: 16/16 MP: 1/1
    29 | D:5      | Reached skill level 7 in Stealth
    29 | D:5      | Reached XP level 2. HP: 21/21 MP: 2/2
    44 | D:5      | Found a broken altar of Ashenzari.
    48 | D:5      | Became a worshipper of Ashenzari the Shackled
   164 | D:5      | Noticed an ice beast
   293 | D:4      | Reached XP level 3. HP: 12/26 MP: 3/3
   428 | D:4      | Found a hide-covered altar of Uskayaw.
   465 | D:4      | Noticed a gnoll sergeant
   481 | D:4      | HP: 1/26 [poisoned by a gnoll sergeant]
   483 | D:4      | Succumbed to a gnoll sergeant's poison

Illustrated notes

Levels and vault maps discovered:
D:4:      layout_loops_ring, mainiacjoe_overflow_alcove_4,
          minmay_temple_entry_junction_2, lightli_minifort
D:5:      layout_loops_corners, overflow_temple_1_default,
          nicolae_ashenzari_panopticon

Skill      XL: |  1  2 |
---------------+-------+-----
Stealth        | 7 |  7.2
Shields        | 2 |  2.5
Fighting       | |  3.0
Polearms       | |  2.0
Dodging        | |  2.0

Action                     || total
---------------------------++-------
  Melee: Spear             ||    28
         Tentacles         ||     8
         Constrict         ||     4
    Use: Scroll            ||     2
         Potion            ||     1
   Stab: Sleeping          ||     5
 Armour: Skin              ||     8
  Dodge: Dodged            ||    11
  Block: Kite shield       ||     8

Table legend: (Time is in decaauts)
 A = Elapsed time spent in this place.
 B = Non-inter-level travel time spent in this place.
 C = Inter-level travel time spent in this place.
 D = Time resting spent in this place.
 E = Time spent auto-exploring this place.
 F = Levels seen in this place.
 G = Mean time per level.
                   A        B        C        D        E       F      G
               +--------+--------+--------+--------+--------+-----+--------+
         Total |    487 |    487 |      0 |     76 |    125 |   2 |  243.5 |
       Dungeon |    487 |    487 |      0 |     76 |    125 |   2 |  243.5 |
               +--------+--------+--------+--------+--------+-----+--------+

Top non-repeatable levels by time:
     D:4: 295 daAuts
     D:5: 192 daAuts
